 Dungeon Crawl Stone Soup version 0.27-a0-1242-ge70438ac7b (webtiles) character file.

Game seed: 3711879827492580073

100 Kinoniko the Chopper (level 4, -1/38 HPs)
             Began as a Draconian Berserker on June 9, 2021.
             Was a Believer of Trog.
             Slain by Sigmund
             ... wielding a +0 scythe
              (5 damage)
             ... on level 3 of the Dungeon.
             The game lasted 00:01:36 (2314 turns).

Kinoniko the Chopper (Draconian Berserker)          Turns: 2314, Time: 00:01:37

Health: -1/38      AC:  6    Str: 20    XL:     4   Next: 46%
Magic:  4/4        EV: 12    Int:  8    God:    Trog [**....]
Gold:   105        SH:  0    Dex: 10    Spells: 3/3 levels left

rFire    . . .     SeeInvis .   a - +0 hand axe
rCold    . . .     Faith    .   (no shield)
rNeg     . . .     Spirit   .   (armour unavailable)
rPois    .         Reflect  .   (helmet restricted)
rElec    .         Harm     .   g - +0 cloak
rCorr    .         Rampage  .   (no gloves)
Will     .....                  (no boots)
Stlth    +.........             (no amulet)
HPRegen  0.12/turn              (no ring)
MPRegen  0.09/turn              (no ring)

@: confused, on berserk cooldown, slowed, very slow
A: AC +5, unfitting armour, cold-blooded
a: Renounce Religion, Berserk, Trog's Hand


You were on level 3 of the Dungeon.
You worshipped Trog.
Trog was pleased with you.
You visited 1 branch of the dungeon, and saw 3 of its levels.

You collected 105 gold pieces.

Inventory:

Hand Weapons
 a - a +0 hand axe (weapon)
Missiles
 i - a throwing net
Armour
 g - a +0 cloak (worn)
Scrolls
 b - a scroll of fear {unknown}
 d - a scroll of teleportation {unknown}
 e - a scroll of identify {unknown}
 k - a scroll of noise {unknown}
Potions
 c - 3 potions of curing {unknown}
 f - a potion of heal wounds {unknown}
 h - a potion of degeneration {unknown}
 j - a potion of lignification {unknown}


   Skills:
 - Level 3.2 Fighting
 * Level 5.3 Axes
 - Level 2.6 Dodging


You had 3 spell levels left.
You didn't know any spells.
Your spell library was empty.

Dungeon Overview and Level Annotations

Branches:
Dungeon (3/15)

Altars:
Ru

Annotations:
D:3 Sigmund


Innate Abilities, Weirdness & Mutations

Your plain brown scales are hard. (AC +5)
You cannot fit into any form of body armour.
You are cold-blooded and may be slowed by cold attacks.


Message History

You slash the frilled lizard!
You kill the frilled lizard!
Trog accepts your kill.
You hit the adder.
Your tail-slap misses the adder.
The adder is heavily wounded.
The adder bites you but does no damage. Something hits you!
You barely miss the adder.
Your tail-slap misses the adder.
The adder is heavily wounded.
The adder closely misses you. Something hits you!
You closely miss the adder. You tail-slap the adder.
You kill the adder!
Trog accepts your kill.
No target in view!
No target in view!
No target in view!
No target in view!
Something hits you!
You feel a strong urge to attack something.
You are no longer berserk.
You are exhausted.
You feel yourself slow down.
You hear some strange, mumbled words.
You are confused.
You barely miss something.
Your tail-slap misses something.
You hear some strange, mumbled words.
You are more confused.
You barely miss something. Something hits you. Something hits you!
* * * LOW HITPOINT WARNING * * *
Something barely misses you. Something barely misses you.
Something hits you but does no damage.
You barely miss something.
You hear some strange, mumbled words.
A magic dart appears from out of thin air!
The magic dart hits you.
* * * LOW HITPOINT WARNING * * *
You're too confused to move!
Something hits you but does no damage. Something hits you.
* * * LOW HITPOINT WARNING * * *
You miss something.
Your tail-slap misses something.
Something hits you.
You die...

#.. .####.. #..#
....... #..#
.......
####..###.......
#...............
#.<.............
#.......<.......
##....{..........
#.....@....####..
.............#
####.......$.#
########.....
#####. .


There were no monsters in sight!

Vanquished Creatures
  Jessica (D:2)
  2 adders
  A dart slug (D:1)
  8 ball pythons
  3 bats
  5 endoplasms
  3 giant cockroaches
  4 hobgoblins (D:2)
  8 jackals (D:2)
  3 kobolds
  3 frilled lizards
  4 goblins
  6 rats
51 creatures vanquished.

Notes
Turn   | Place    | Note
-------+----------+-------------------------------------------
     0 | D:1      | Kinoniko the Draconian Berserker began the quest for the
                  | Orb.
     0 | D:1      | Reached XP level 1. HP: 19/19 MP: 1/1
   220 | D:1      | Reached XP level 2. HP: 23/26 MP: 2/2
   315 | D:1      | Found a faded altar of an unknown god.
   593 | D:1      | Reached skill level 4 in Axes
   603 | D:1      | Reached ** piety under Trog
  1128 | D:2      | Reached XP level 3. HP: 30/31 MP: 3/3
  1137 | D:2      | Found a sacrificial altar of Ru.
  1891 | D:2      | Noticed Jessica
  1897 | D:2      | Killed Jessica
  1898 | D:2      | Reached skill level 5 in Axes
  1898 | D:2      | Reached XP level 4. HP: 29/38 MP: 4/4
  2296 | D:3      | Noticed Sigmund
  2314 | D:3      | Slain by Sigmund

Illustrated notes

Levels and vault maps discovered:
D:1:      dpeg_arrival_lava_temple_mockup, layout_loops_ring,
          chequers_ecumenical_altar_simple_redux, chequers_serial_rivers_small_3
D:2:      layout_basic, basic_altar, minmay_door_square, uniq_jessica
D:3:      layout_rooms, zin_angel, uniq_sigmund

Skill      XL: |  1  2  3 |
---------------+----------+-----
Axes           | 4 5 |  5.3
Fighting       | |  3.2
Dodging        | |  2.6

Action                   |  1- 3 |  4- 6 || total
-------------------------+-------+-------++-------
Melee: Hand axe          |   120 |    11 ||   131
       Tailslap          |    12 |     2 ||    14
Invok: Berserk           |     1 |     1 ||     2
 Stab: Sleeping          |     1 |       ||     1
Armor: Skin              |    60 |     4 ||    64
Dodge: Dodged            |    97 |     4 ||   101

Table legend: (Time is in decaauts)
 A = Elapsed time spent in this place.
 B = Non-inter-level travel time spent in this place.
 C = Inter-level travel time spent in this place.
 D = Time resting spent in this place.
 E = Time spent auto-exploring this place.
 F = Levels seen in this place.
 G = Mean time per level.
                   A        B        C        D        E       F      G
               +--------+--------+--------+--------+--------+-----+--------+
         Total |   2340 |   2241 |     99 |    245 |   1705 |   3 |  780.0 |
       Dungeon |   2340 |   2241 |     99 |    245 |   1705 |   3 |  780.0 |
               +--------+--------+--------+--------+--------+-----+--------+

Top non-repeatable levels by time:
     D:2: 1210 daAuts
     D:1: 1111 daAuts
     D:3: 18 daAuts
